 Dungeon Crawl Stone Soup version 0.25.1-8-g42b30a86e7 (webtiles) character file.

Game seed: 4709330871321302688

88 hawla the Skirmisher (level 4, 0/42 HPs)
             Began as a Minotaur Gladiator on Dec 17, 2020.
             Killed from afar by Sigmund (9 damage)
             ... with a puff of flame
             ... on level 3 of the Dungeon.
             The game lasted 00:04:28 (1588 turns).

hawla the Skirmisher (Minotaur Gladiator)           Turns: 1588, Time: 00:04:28

Health: 0/42       AC:  8    Str: 18    XL:     4   Next: 30%
Magic:  3/3        EV: 12    Int:  6    God:
Gold:   173        SH:  0    Dex: 12    Spells: 3/3 levels left

rFire    . . .     SeeInvis .   a - +1 war axe
rCold    . . .     Gourm    .   (no shield)
rNeg     . . .     Faith    .   e - +2 ring mail {rPois}
rPois    +         Spirit   .   c - +0 hat
rElec    .         Reflect  .   (no cloak)
rCorr    .         Harm     .   n - +0 pair of gloves
MR       .....                  (no boots)
Stlth    ..........             (no amulet)
HPRegen  0.14/turn              (no ring)
MPRegen  0.08/turn              (no ring)

@: confused
A: retaliatory headbutt, horns 2
a: no special abilities


You were on level 3 of the Dungeon.
You were not hungry.

You visited 1 branch of the dungeon, and saw 3 of its levels.

You collected 173 gold pieces.

Inventory:

Hand Weapons
 a - a +1 war axe (weapon)
Missiles
 k - 6 boomerangs (quivered)
Armour
 c - a +0 hat (worn)
 e - a +2 ring mail of poison resistance (worn)
 n - a +0 pair of gloves (worn)
Jewellery
 p - an uncursed ring of protection from magic {unknown}
Scrolls
 l - 2 scrolls of identify
 m - a scroll of noise {unknown}
Potions
 b - a potion of flight
 g - a potion of magic
 i - a potion of mutation {unknown}
 o - a potion of haste {unknown}
Comestibles
 f - 3 rations
 j - 2 chunks of flesh


   Skills:
 + Level 5.6 Fighting
 - Level 3.6 Axes
 - Level 2.0 Throwing
 - Level 3.2 Dodging


You had 3 spell levels left.
You didn't know any spells.
Your spell library was empty.

Dungeon Overview and Level Annotations

Branches:
Dungeon (3/15)

Altars:

Annotations:
D:3 Sigmund


Innate Abilities, Weirdness & Mutations

You reflexively headbutt those who attack you in melee.
You have a pair of horns on your head.


Message History

Aim: Sigmund, wielding a +0 scythe, wearing a +0 robe and carrying a wand of flame (2) (almost dead)
You throw a boomerang.
The boomerang hits Sigmund but does no damage.
Sigmund is almost dead.
Sigmund casts a spell.
Sigmund flickers and vanishes!
Deactivating autopickup; reactivate with Ctrl-A.
You hear some strange, mumbled words.
A magic dart appears from out of thin air!
The magic dart hits you.
* * * LOW HITPOINT WARNING * * *
You barely miss something. Your headbutt misses something.
You hear some strange, mumbled words.
You are confused.
You're too confused to move!
Something hits you but does no damage.
You closely miss something.
You hear some strange, mumbled words.
A puff of flame appears from out of thin air!
The puff of flame hits you!
You die...

.<.......(.###.####
#######.### #..#
#.# ##.# #.# #.#
#.# #.#
####.######.#
..###.(......((.#
......{...).....#
.####.#@..####.## #
#.#.# #.# #...# #.#
###.# #.# #.# #.#
... ..# #.## ## .#


There were no monsters in sight!

Vanquished Creatures
  2 adders
  2 worms (D:2)
  4 dart slugs
  A leopard gecko (D:2)
  4 giant cockroaches
  4 hobgoblins (D:2)
  2 jackals (D:1)
  12 kobolds
  A quokka (D:2)
  4 bats
  A frilled lizard (D:2)
  5 goblins
  13 rats
55 creatures vanquished.

Notes
Turn   | Place    | Note
-------+----------+-------------------------------------------
     0 | D:1      | hawla the Minotaur Gladiator began the quest for the Orb.
     0 | D:1      | Reached XP level 1. HP: 18/18 MP: 0/0
   102 | D:1      | Reached skill level 3 in Fighting
   154 | D:1      | Reached XP level 2. HP: 26/26 MP: 1/1
   466 | D:1      | Reached skill level 4 in Fighting
   718 | D:2      | Reached XP level 3. HP: 34/34 MP: 2/2
   994 | D:2      | Reached skill level 5 in Fighting
  1060 | D:2      | Reached XP level 4. HP: 42/42 MP: 3/3
  1546 | D:3      | Noticed Sigmund
  1588 | D:3      | Killed from afar by Sigmund

Illustrated notes

Levels and vault maps discovered:
D:1:      saegor_arrival_simple_c, layout_loops_ring, minmay_rat_gold_closets
D:2:      layout_loops_cross, first_ration, kennysheep_generic_room_14
D:3:      layout_loops_ring, nicolae_underground_beach, uniq_jessica, uniq_ijyb,
          uniq_sigmund

Skill      XL: |  1  2  3 |
---------------+----------+-----
Fighting       | 3 4 5 |  5.6
Axes           | |  3.6
Throwing       | |  2.0
Dodging        | |  3.2

Action                   |  1- 3 |  4- 6 || total
-------------------------+-------+-------++-------
Melee: War axe           |    83 |    35 ||   118
       Headbutt          |    10 |     5 ||    15
Throw: Boomerang         |       |     5 ||     5
       Throwing net      |       |     3 ||     3
  Use: Scroll            |     4 |       ||     4
       Potion            |       |     1 ||     1
 Stab: Held in net/web   |       |     1 ||     1
  Eat: Chunk             |     1 |     1 ||     2
Armor: Ring mail         |    14 |    10 ||    24
       Chain mail        |    26 |       ||    26
Dodge: Dodged            |    53 |    29 ||    82
